 Dungeon Crawl Stone Soup version 0.30-a0-311-gf115ab0292 (webtiles) character file.

Game seed: 8049403334278851070

1632002 910rd the Invulnerable (level 27, 331/337 HPs)
             Began as an Armataur Fighter on Oct 23, 2022.
             Was a High Priest of Okawaru.
             Escaped with the Orb
             ... and 3 runes on Oct 25, 2022!
             The game lasted 05:58:06 (76209 turns).

910rd the Invulnerable (Armataur Fighter)          Turns: 76209, Time: 05:58:06

Health: 331/337    AC: 61    Str: 30    XL:     27
Magic:  36/36      EV:  8    Int: 10    God:    Okawaru [*****.]
Gold:   2979       SH:  0    Dex: 14    Spells: 26/26 levels left

rFire   + + .      SeeInvis +    V - +3 sacred scourge (holy)
rCold   + + .      Faith    .    f - +0 tower shield {AC+3}
rNeg    + . .      Spirit   .    c - +11 gold dragon scales
rPois   +          Reflect  .    v - +1 hat {SInv}
rElec   +          Harm     .    P - +1 cloak of Gunlarch {rC+ rCorr}
rCorr   +          Roll     +    g - +2 pair of gloves of Magic {rN+ Will+}
Will    ++++.                    d - +4 barding "Qiutzaoh" {+Blink rElec}
Stlth   ..........               a - amulet of regeneration
HPRegen 1.56/turn                l - ring of willpower
MPRegen 0.25/turn                W - ring of protection from fire

@: confused, mighty, heroic, finesse-ful, ambrosia-drunk, attractive, hasted,
studying 5 skills, invisible, very quick
A: large, rugged brown scales 3, deformed body, armoured tail, roll, long
tongue, awkward tongue, iridescent scales 1, robust 2
0: Orb of Zot
}: 3/15 runes: decaying, slimy, gossamer
a: Renounce Religion, Evoke Blink, Heroism, Finesse, Duel


You escaped.
You worshipped Okawaru.
Okawaru was extremely pleased with you.
You visited 13 branches of the dungeon, and saw 55 of its levels.
You visited 1 bazaar.
You also visited: Trove, Ice Cave and Wizlab.

You collected 9951 gold pieces.
You spent 6972 gold pieces at shops.

Inventory:

Hand Weapons
 b - a +7 vorpal eveningstar
 M - the +6 morningstar "Illomegh" {freeze, rF+ rCorr}
   (You bought it in a shop on level 4 of the Depths)

   It freezes those it strikes, dealing additional cold damage.
   It can also slow down cold-blooded creatures.
   rF:        It protects you from fire.
   rCorr:     It protects you from acid and corrosion.
 V - a +3 sacred scourge of holy wrath (weapon)
Missiles
 w - 57 poisoned darts
 B - 12 boomerangs
 E - 18 silver javelins (quivered)
 F - 12 curare-tipped darts
 I - 20 javelins
Armour
 c - +11 gold dragon scales (worn)
 d - the +4 barding "Qiutzaoh" (worn) {+Blink rElec}
   (Okawaru gifted it to you on level 11 of the Dungeon)

   rElec:     It insulates you from electricity.
   +Blink:    It lets you blink.
 f - a +0 tower shield of protection (worn)
 g - the +2 pair of gloves of Magic (worn) {rN+ Will+}
   (Okawaru gifted it to you in the Arena)

   rN:        It protects you from negative energy.
   Will:      It increases your willpower.
 s - a +0 pair of gloves of strength
 v - a +1 hat of see invisible (worn)
 P - the +1 cloak of Gunlarch (worn) {rC+ rCorr}
   (You bought it in a shop on level 1 of the Elven Halls)

   rC:        It protects you from cold.
   rCorr:     It protects you from acid and corrosion.
 Q - the +0 barding of the Endless Expanse {rElec rF+}
   (Okawaru gifted it to you on level 1 of the Swamp)

   rF:        It protects you from fire.
   rElec:     It insulates you from electricity.
 R - the +6 scale mail of Poor Excuses {Harm rC+ Will++ Str-3}
   (You found it on level 3 of the Lair of Beasts)

   Str:       It affects your strength (-3).
   rC:        It protects you from cold.
   Harm:      It increases damage dealt and taken.
   Will:      It greatly increases your willpower.
 T - the +5 scale mail of Watchfulness {+Blink rPois Will+ Int+2}
   (Okawaru gifted it to you on level 1 of the Spider Nest)

   Int:       It affects your intelligence (+2).
   rPois:     It protects you from poison.
   +Blink:    It lets you blink.
   Will:      It increases your willpower.
 Z - a +0 kite shield of reflection
Jewellery
 a - an amulet of regeneration (around neck)
 l - a ring of willpower (left hand)
 m - a ring of poison resistance
 q - a ring of flight
 G - the ring "Ryimn" {Fire Int+5 Slay+6}
   (You found it on level 2 of the Vaults)

   [ring of fire]

   It enhances your fire magic.
   Int:       It affects your intelligence (+5).
   Slay:      It affects your accuracy & damage with ranged weapons and melee
   (+6).
   rF:        It protects you from fire.
   rC:        It makes you vulnerable to cold.
 L - a ring of positive energy
 W - a ring of protection from fire (right hand)
 X - a ring of protection from cold
Wands
 p - a wand of acid (24)
 A - a wand of iceblast (30)
 H - a wand of digging (28)
Scrolls
 e - 3 scrolls of poison
 x - 10 scrolls of blinking
 y - 9 scrolls of fear
 J - a scroll of brand weapon
 O - 9 scrolls of immolation
 U - 17 scrolls of teleportation
 Y - 6 scrolls of silence
Potions
 h - 11 potions of cancellation
 i - 8 potions of lignification
 j - 6 potions of berserk rage
 k - 2 potions of mutation
 n - 8 potions of resistance
 o - 15 potions of curing
 t - 7 potions of haste
 u - 5 potions of heal wounds
 z - 9 potions of might
 D - 6 potions of attraction
 K - 3 potions of ambrosia
 S - 3 potions of invisibility
Miscellaneous
 r - a lightning rod (4/4)
 C - a phial of floods
 N - a condenser vane


   Skills:
 - Level 25.0(27) Fighting
 - Level 16.0(21.0) Maces & Flails
 - Level 12.0(17.0) Throwing
 O Level 27 Armour
 - Level 8.0(13.0) Dodging
 - Level 20.0(25.0) Shields
 + Level 18.3 Invocations
 - Level 10.0 Evocations


You had 26 spell levels left.
You didn't know any spells.
Your spell library contained the following spells:

 Spells                   Type           Power      Damage    Failure   Level
 Apportation              Tloc           0%         N/A       93%         1
 Beastly Appendage        Tmut           0%         N/A       93%         1
 Foxfire                  Conj/Fire      0%         2x1d4     93%         1
 Freeze                   Ice            0%         1d3       93%         1
 Magic Dart               Conj           0%         1d3       93%         1
 Necrotise                Necr           0%         1d4       93%         1
 Sandblast                Erth           0%         2d4       93%         1
 Shock                    Conj/Air       0%         1d3       93%         1
 Slow                     Hex            0%         N/A       93%         1
 Blink                    Tloc           0%         N/A       98%         2
 Cigotuvi's Dreadful Rot  Necr/Pois/Air  0%         N/A       98%         2
 Ensorcelled Hibernation  Hex/Ice        0%         N/A       98%         2
 Momentum Strike          Conj/Tloc      0%         3d8       98%         2
 Passwall                 Tmut/Erth      0%         N/A       98%         2
 Poisonous Vapours        Pois/Air       0%         N/A       98%         2
 Static Discharge         Conj/Air       0%         2-2/arc   98%         2
 Sublimation of Blood     Necr           0%         N/A       98%         2
 Confusing Touch          Hex            0%         N/A       100%        3
 Dazzling Flash           Conj/Hex       0%         N/A       100%        3
 Frozen Ramparts          Ice            0%         1d1       100%        3
 Hailstorm                Conj/Ice       0%         3d3       100%        3
 Ignite Poison            Fire/Tmut/Pois 0%         N/A       100%        3
 Inner Flame              Hex/Fire       0%         N/A       100%        3
 Kindle Blastsparks       Fire/Tloc/Air  0%         2d10      100%        3
 Lesser Beckoning         Tloc           0%         N/A       100%        3
 Mephitic Cloud           Conj/Pois/Air  0%         N/A       100%        3
 Ozocubu's Armour         Ice            0%         N/A       100%        3
 Portal Projectile        Hex/Tloc       0%         N/A       100%        3
 Spider Form              Tmut/Pois      0%         N/A       100%        3
 Stone Arrow              Conj/Erth      0%         3d7       100%        3
 Swiftness                Air            0%         N/A       100%        3
 Vampiric Draining        Necr           0%         2d6       100%        3
 Vhi's Electric Charge    Tloc/Air       0%         N/A       100%        3
 Airstrike                Air            0%         2d(0-16)  100%        4
 Anguish                  Hex/Necr       0%         N/A       100%        4
 Cause Fear               Hex            0%         N/A       100%        4
 Dispel Undead            Necr           0%         3d6       100%        4
 Fulminant Prism          Conj/Hex       0%         3d6       100%        4
 Iskenderun's Mystic Bla  Conj/Tloc      0%         2d3       100%        4
 Leda's Liquefaction      Hex/Erth       0%         N/A       100%        4
 Passage of Golubria      Tloc           0%         N/A       100%        4
 Petrify                  Tmut/Erth      0%         N/A       100%        4
 Sticky Flame             Conj/Fire      0%         2d3       100%        4
 Alistair's Intoxication  Tmut/Pois      0%         N/A       100%        5
 Arcjolt                  Conj/Air       0%         1d10      100%        5
 Blade Hands              Tmut           0%         N/A       100%        5
 Fireball                 Conj/Fire      0%         3d3       100%        5
 Freezing Cloud           Conj/Ice/Air   0%         6-21      100%        5
 Irradiate                Conj/Tmut      0%         3d11      100%        5
 Iskenderun's Battlesphe  Conj           0%         2d6       100%        5
 Lee's Rapid Deconstruct  Erth           0%         3d4*      100%        5
 Lightning Bolt           Conj/Air       0%         1d11      100%        5
 Metabolic Englaciation   Hex/Ice        0%         N/A       100%        5
 Silence                  Hex/Air        0%         N/A       100%        5
 Yara's Violent Unravell  Hex/Tmut       0%         3d3       100%        5
 Conjure Ball Lightning   Conj/Air       0%         3x3d6     100%        6
 Starburst                Conj/Fire      0%         6d3       100%        6
 Statue Form              Tmut/Erth      0%         N/A       100%        6
 Dragon Form              Tmut           0%         N/A       100%        7
 Orb of Destruction       Conj           0%         9d5       100%        7
 Ozocubu's Refrigeration  Ice            0%         4d7       100%        7
 Borgnjor's Revivificati  Necr           0%         N/A       100%        8
 Discord                  Hex            0%         N/A       100%        8
 Ignition                 Fire           0%         3d3       100%        8
 Lehudib's Crystal Spear  Conj/Erth      0%         10d2      100%        8
 Maxwell's Capacitive Co  Air            0%         ∞         100%        8
 Necromutation            Tmut/Necr      0%         N/A       100%        8
 Chain Lightning          Conj/Air       0%         N/A       100%        9
 Fire Storm               Conj/Fire      0%         5d1       100%        9
 Shatter                  Erth           0%         3d5*      100%        9
 Summon Small Mammal      Summ           Unusable   N/A       N/A         1
 Tukima's Dance           Hex            Unusable   N/A       N/A         3
 Animate Armour           Summ/Erth      Unusable   N/A       N/A         4
 Summon Lightning Spire   Summ/Air       Unusable   N/A       N/A         4
 Simulacrum               Ice/Necr       Unusable   N/A       N/A         6
 Haunt                    Necr/Summ      Unusable   N/A       N/A         7

Dungeon Overview and Level Annotations

Branches:
Dungeon (15/15)            Temple (1/1) D:6            Lair (5/5) D:8
  Swamp (4/4) Lair:2       Spider (4/4) Lair:2        Slime (5/5) Lair:5
    Orc (2/2) D:9             Elf (3/3) Orc:2        Vaults (4/5) D:13
  Crypt (2/3) Vaults:3     Depths (4/4) D:15           Hell (visited)
    Zot (5/5) Depths:4      IceCv (visited)          WizLab (visited)
    Dis: Hell:1         Geh: Hell:1         Coc: Hell:1         Tar: Hell:1

Altars:
Ashenzari
Cheibriados
Dithmenos
Elyvilon
Fedhas
Gozag
Hepliaklqana
Kikubaaqudgha
Makhleb
Nemelex Xobeh
Okawaru
Qazlal
Ru
Sif Muna
Trog
Uskayaw
Vehumet
Wu Jian
Xom
Yredelemnul
Zin
The Shining One

Shops:
D:6 (   D:9 *   Orc:2 !=!(!   Elf:1 [   Elf:3 :   Vaults:1 *([   Depths:2 ?
Depths:4 (

Portals:
Hell: Depths:1 Depths:2 Depths:3 Depths:4
Abyss: Depths:3 Depths:4
Pandemonium: Orc:2 Depths:1 Depths:2 Depths:3
Ziggurat: Depths:1

Annotations:
Lair:1 exclusion: downstairs
Slime:5 1 exclusion
Depths:3 1 runed translucent door, exclusion: downstairs


Innate Abilities, Weirdness & Mutations

You are completely covered in rugged brown scales. (AC +3, +7% HP)
Armour fits poorly on your strangely shaped body.
You have a long armoured tail.
You roll when moving toward enemies. (Rampage)
Your long tongue fully drains potion bottles. (2x potion effects)
Your tongue gives you trouble enunciating. (1.5x scroll delay)
You are partially covered in iridescent scales. (AC +2)
You are very robust. (+20% HP)


Message History

a +2 whip of holy wrath; a +0 robe You regained 2 hp, and now have 244/337 hp.
You regained 2 hp, and now have 246/337 hp.
There is a staircase leading out of the dungeon here.
You start resting.
Magic restored.
You regained 2 hp, and now have 249/337 hp.
MP restored: 36 You start resting.
HP restored.
You regained 54 hp, and now have 303/337 hp.
You start resting.
You feel like a meek peon again.
You regained 8 hp, and now have 311/337 hp.
You slurp down every last drop of the 8 potions of haste!
You feel yourself speed up.
You regained 2 hp, and now have 313/337 hp.
You slurp down every last drop of the 10 potions of might!
You feel very mighty all of a sudden.
Really quaff the potion of attraction? [Y]es or [N]o only, please.
Really quaff the potion of attraction?
You slurp down every last drop of the 7 potions of attraction!
You feel attractive to monsters.
You slurp down every last drop of the 4 potions of invisibility!
You fade into invisibility!
You thrash the plant!!
The plant begins to die.
You tail-slap the plant!
The plant is moderately damaged.
Okay, then.
You gain the combat prowess of a mighty hero.
You now have 34/36 mp.
You can now deal lightning-fast blows.
You now have 29/36 mp.
Okay, then.
You slurp down every last drop of the 4 potions of ambrosia!
You are confused.
You feel invigorated.
You regained 7 hp, and now have 326/337 hp.
You regained 6 mp, and now have 35/36 mp.
Magic restored.
You have escaped!

#.# #.# #.##
#..## ##..##
##..##########
##.'....♣P#P##
#.#~~~..♣P#.♣
#.##~8.)..@♣#
#.#~~~..♣P#.♣
#.+....♣P#P##
############


There were no monsters in sight!

Vanquished Creatures
  the Royal Jelly (Slime:5)
  2 dread liches
  3 ancient liches (Zot:5)
  5 orbs of fire
  2 juggernauts
  A shard shrike (Zot:1)
  Boris (Crypt:2)
  Parghit (Depths:4)
  3 Killer Klowns (Zot:5)
  The ghost of twist the Raging Flame, a veteran GnCA of Ignis (Depths:3)
  Margery (Arena)
  A caustic shrike (Depths:3)
  4 golden dragons
  Geryon (Arena)
  Jory (Depths:4)
  A Hellbinder (WizLab)
  An electric golem (Zot:5)
  Rupert (Lair:5)
  2 walking crystal tomes
  11 tentacled monstrosities
  2 Ice Fiends
  26 Orb Guardians
  3 liches
  2 deep elf blademasters (Elf:3)
  2 deep elf master archers (Elf:3)
  2 titans (Depths:3)
  Zenata (Arena)
  11 acid blobs
  6 quicksilver dragons
  4 sphinxes
  A walking frostbound tome (Depths:2)
  6 death cobs
  A thorn hunter (Swamp:1)
  An Executioner (D:4)
  Gastronok (D:9)
  6 shadow dragons
  A draconian monk (Depths:4)
  9 tengu reavers
  11 storm dragons
  8 azure jellies
  A nagaraja (Vaults:2)
  4 rockslimes (Slime:5)
  11 fire giants
  The ghost of Metiaxo the Thaumaturge, an adept GnIE of Gozag (Elf:2)
  Donald (Orc:2)
  2 iron dragons
  3 draconian knights
  5 deep elf sorcerers
  10 vault wardens
  5 draconian scorchers
  The ghost of Johnny the Sorcerer, a journeyman DEEE of Cheibriados (Elf:1)
  The ghost of Adeche Beuh the Destroyer, a journeyman DrCj of Qazlal (Spider:2)
  9 frost giants
  6 draconian shifters
  9 emperor scorpions
  A cacodemon (WizLab)
  5 ghouls (Crypt:1)
  3 orc warlords (Vaults:2)
  6 ghost moths
  6 draconian stormcallers
  2 balrugs
  2 angels (D:1)
  4 broodmothers
  A spriggan defender (Depths:2)
  7 deep elf elementalists (Elf:3)
  8 quicksilver oozes
  3 war gargoyles
  32 very ugly things
  16 ironbound preservers
  2 demonspawn blood saints
  6 ironbound thunderhulks
  6 draconian annihilators
  10 vampire knights
  5 stone giants
  A reaper (D:1)
  2 eleionomae
  8 deep elf demonologists
  10 green draconians
  11 yellow draconians
  3 black draconians
  A lorocyproca (D:11)
  3 purple draconians
  3 bunyips
  A dire elephant (shapeshifter) (Depths:2)
  5 deep elf annihilators (Elf:3)
  8 red draconians
  11 dire elephants
  5 white draconians
  An eidolon (Crypt:1)
  A blizzard demon (WizLab)
  11 ettins
  5 spark wasps
  A crystal guardian (Vaults:4)
  14 deep elf death magi
  Josephine (D:11)
  12 fire dragons
  3 entropy weavers
  Fannar (Lair:2)
  9 yaktaur captains
  A quicksilver dragon skeleton (Crypt:1)
  The ghost of paps the Markself, a journeyman DESu of Gozag (Lair:5)
  6 great orbs of eyes
  3 hell beasts (WizLab)
  13 ice dragons
  2 deep elf high priests
  2 peacekeepers
  13 vault guards
  6 hydras
  3 rakshasas
  A juggernaut simulacrum (Depths:3)
  2 death knights
  A merfolk avatar (Lair:5)
  A ghost crab (Swamp:4)
  2 radroaches
  A demonspawn (Orc:2)
  A caustic shrike simulacrum (IceCv)
  7 ironbound frosthearts
  8 deep troll earth magi
  2 jorogumos
  9 boulder beetles
  A catoblepas (D:15)
  11 alligators
  33 dancing weapons
  13 deep troll shamans
  An ogre mage (Vaults:4)
  8 spriggan air magi
  28 centaur warriors
  9 two-headed ogres
  6 death yaks (Lair:5)
  7 vampire magi
  9 orc high priests
  A tengu warrior (D:13)
  10 hell knights
  A shock serpent (shapeshifter) (Elf:1)
  3 soul eaters
  Urug (Arena)
  Amaemon (Lair:1)
  30 deep elf knights
  8 iron trolls
  12 spriggan berserkers
  3 sun demons (WizLab)
  Sonja (D:12)
  7 pharaoh ants
  34 skeletal warriors
  A spectral death yak (Lair:5)
  A fire crab (Lair:5)
  A storm dragon skeleton (D:15)
  2 sun moths
  2 spectral catoblepas (Lair:5)
  5 goliath frogs
  4 sixfirhies
  8 glowing orange brains
  A shadow wraith (Crypt:1)
  5 flayed ghosts
  2 spriggan druids
  7 swamp dragons
  3 shadow demons (WizLab)
  A ghost moth zombie (Crypt:1)
  6 steelbarb worms
  4 lindwurms
  9 orb spiders
  2 bog bodies
  63 deep trolls
  7 phantasmal warriors
  A harpy (shapeshifter) (Elf:2)
  A harpy (Lair:5)
  2 tengu zombies
  8 wizards
  11 deep elf archers
  19 ironbound convokers
  An orange crystal statue (IceCv)
  17 orc knights
  28 deep elf zephyrmancers
  8 necromancers
  10 orc sorcerers
  27 ugly things
  A salamander (shapeshifter) (Vaults:2)
  20 wolf spiders
  An iron dragon zombie (Depths:2)
  A frost giant zombie (Depths:1)
  43 deep elf pyromancers
  A tengu skeleton (Vaults:3)
  4 shining eyes
  7 cyclopes
  18 moths of wrath
  A will-o-the-wisp (Lair:2)
  A fire giant skeleton (Vaults:3)
  7 manticores
  4 rust devils
  10 elephants
  16 vault sentinels
  2 stone giant skeletons (Vaults:3)
  2 orange demons
  4 smoke demons
  6 torpor snails
  2 gargoyles
  12 cane toads
  2 spriggan zombies
  4 large abominations
  An efreet (D:13)
  5 rime drakes (Lair:5)
  9 unseen horrors
  3 unseen horror zombies (D:9)
  A purple draconian zombie (Crypt:2)
  13 freezing wraiths
  2 hellions
  8 demonic crawlers
  6 tormentors
  11 komodo dragons
  7 tengu conjurers
  3 kobold demonologists
  A swamp worm zombie (Crypt:2)
  An anaconda simulacrum (IceCv)
  A spriggan skeleton (Depths:1)
  31 yaktaurs
  4 hellwings
  A yaktaur skeleton (Vaults:3)
  4 red devils
  A wolf spider simulacrum (D:14)
  3 polar bears (Lair:5)
  7 trolls
  2 bloated husks
  9 meliai
  A wind drake (Lair:5)
  A queen bee (Spider:1)
  A polar bear (shapeshifter) (D:14)
  6 tarantellas
  94 slime creatures
  11 tyrant leeches
  15 hornets
  2 snapping turtles (Lair:5)
  Grinder (D:5)
  A harpy skeleton (Crypt:2)
  A raiju (shapeshifter) (Vaults:2)
  25 blink frogs
  A fire giant simulacrum (Depths:2)
  A jumping spider (shapeshifter) (Depths:4)
  A spectral black mamba (Lair:5)
  A radroach zombie (Crypt:1)
  A spriggan (shapeshifter) (D:13)
  29 jumping spiders
  5 shadows
  3 ynoxinuls
  An ettin skeleton (Vaults:3)
  Sigmund (D:6)
  3 air elementals (Elf:2)
  A culicivora (shapeshifter) (D:13)
  14 culicivoras
  A fire bat (shapeshifter) (Depths:3)
  16 spriggans
  4 water elementals
  Eustachio (D:6)
  A human (shapeshifter) (D:13)
  12 wraiths
  15 yaks
  6 wyverns
  8 basilisks
  A fire elemental (Elf:3)
  15 vampire mosquitoes
  A golden eye (Slime:5)
  Grum (D:8)
  A spectral komodo dragon (Lair:5)
  2 swamp worm simulacra (Swamp:4)
  3 steam dragons
  A neqoxec (WizLab)
  2 chaos spawn
  41 redbacks
  4 wargs
  A harpy simulacrum (IceCv)
  12 swamp worms
  A fire bat zombie (Crypt:1)
  2 glowing shapeshifter zombies
  21 hydra simulacra
  2 glowing shapeshifter skeletons (Vaults:3)
  7 water moccasins
  5 acid dragons
  3 floating eyes
  27 orc warriors
  A sky beast (D:8)
  2 ice beasts
  A hornet zombie (D:9)
  A black bear (Lair:2)
  2 alligator simulacra (IceCv)
  An ettin simulacrum (IceCv)
  4 boggarts (Vaults:1)
  A dream sheep skeleton (Crypt:1)
  6 ogres
  13 wolves
  9 centaurs
  2 human skeletons (Vaults:3)
  4 kobold brigands
  A phantom (D:5)
  13 bullfrogs
  An elf zombie (Crypt:1)
  A draconian zombie (Crypt:1)
  4 necrophages
  3 gnoll sergeants
  A wyvern zombie (D:9)
  3 earth elementals
  3 scorpions
  12 wights
  A lindwurm simulacrum (IceCv)
  30 killer bees
  8 howler monkeys
  3 electric eels
  7 crimson imps (D:7)
  9 centaur zombies (D:9)
  2 hounds
  A jelly (D:7)
  24 orc priests
  5 iguanas
  Natasha (thrice) (D:3)
  18 orc wizards
  3 howler monkey zombies (D:9)
  3 adders
  15 gnolls
  2 shadow imps (D:6)
  4 white imps
  An ufetubus (D:6)
  6 swamp drake simulacra (Swamp:4)
  4 worms
  3 dart slugs
  67 orcs
  7 ball pythons
  7 bats
  8 endoplasms
  7 giant cockroaches
  13 hobgoblins
  7 jackals
  30 kobolds
  2 quokkas
  An endoplasm zombie (Crypt:1)
  3 frilled lizards
  6 goblins
  A hobgoblin skeleton (Crypt:1)
  6 rats
2210 creatures vanquished.

Vanquished Creatures (others)
  Asterion (Spider:2)
  A purple draconian (Zot:1)
  An alligator (Swamp:4)
  2 deep elf knights (Elf:2)
  A wizard (Vaults:1)
  2 deep elf pyromancers
  2 deep elf zephyrmancers (Elf:2)
  3 bloated husks
  3 slime creatures (Vaults:3)
  An air elemental (Elf:2)
  A swamp worm (Swamp:4)
  A glowing shapeshifter simulacrum (Depths:2)
  An orc priest (Orc:2)
  2 orcs
  44 fungi
  70 plants
  19 withered plants
155 creatures vanquished.

Grand Total: 2365 creatures vanquished

Notes
Turn   | Place    | Note
-------+----------+-------------------------------------------
     0 | D:1      | 910rd the Armataur Fighter began the quest for the Orb.
     0 | D:1      | Reached XP level 1. HP: 19/19 MP: 1/1
   151 | D:1      | Reached XP level 2. HP: 6/26 MP: 2/2
   504 | D:1      | Reached XP level 3. HP: 29/32 MP: 3/3
   860 | D:2      | Identified the +0 leather armour "Ubli Gie" {rF+}
  1183 | D:2      | Identified the +1 robe "Doijiur" {rF++}
  1329 | D:2      | Found a faded altar of an unknown god.
  1363 | D:2      | Reached XP level 4. HP: 39/39 MP: 4/4
  1905 | D:3      | Noticed Natasha
  1918 | D:3      | Killed Natasha
  2418 | D:3      | Noticed Natasha
  2421 | D:3      | Killed Natasha
  2422 | D:3      | Reached XP level 5. HP: 44/44 MP: 5/5
  2518 | D:3      | Noticed Natasha
  2522 | D:3      | Killed Natasha
  2523 | D:3      | Reached skill level 5 in Maces & Flails
  2991 | D:4      | Reached XP level 6. HP: 50/53 MP: 6/6
  3089 | D:4      | Found an iron altar of Okawaru.
  3096 | D:4      | Became a worshipper of Warmaster Okawaru
  3372 | D:4      | Found an opulent altar of Gozag.
  3711 | D:5      | Entered Level 5 of the Dungeon
  3908 | D:5      | Reached XP level 7. HP: 53/63 MP: 7/7
  4042 | D:5      | Reached * piety under Okawaru
  4289 | D:5      | Noticed Grinder
  4296 | D:5      | Killed Grinder
  4297 | D:5      | Reached skill level 5 in Fighting
  4567 | D:6      | Noticed Eustachio
  4572 | D:6      | Noticed a steam dragon
  4763 | D:6      | Noticed Sigmund
  4770 | D:6      | Killed Sigmund
  4771 | D:6      | Reached XP level 8. HP: 72/72 MP: 10/10
  4819 | D:6      | Found Uronka's Weapon Emporium.
  4887 | D:6      | Killed Eustachio
  4887 | D:6      | Reached ** piety under Okawaru
  4888 | D:6      | Reached skill level 4 in Armour
  4899 | D:6      | Reached skill level 5 in Armour
  5096 | D:6      | Noticed a troll
  5106 | D:6      | Killed a troll
  5107 | D:6      | Reached skill level 5 in Invocations
  5107 | D:6      | Reached skill level 1 in Evocations
  5188 | D:6      | Identified the +8 rapier of Cenweip {vorpal, rN+ Str+3
                  | Int-4}
  5347 | D:6      | Found a glowing golden altar of the Shining One.
  5441 | D:6      | Found a staircase to the Ecumenical Temple.
  5452 | Temple   | Entered the Ecumenical Temple
  5778 | D:7      | Reached XP level 9. HP: 73/79 MP: 12/12
  5926 | D:7      | Found a hide-covered altar of Uskayaw.
  6068 | D:7      | Reached *** piety under Okawaru
  6069 | D:7      | Reached skill level 1 in Throwing
  6093 | D:7      | Found a bloodstained altar of Trog.
  6521 | D:7      | Found a burning altar of Makhleb.
  6890 | D:8      | Reached skill level 10 in Maces & Flails
  6915 | D:8      | Found an ornate altar of the Wu Jian Council.
  7002 | D:8      | Found a hazy altar of Hepliaklqana.
  7002 | D:8      | Found a sacrificial altar of Ru.
  7074 | D:8      | Noticed Grum
  7081 | D:8      | Reached **** piety under Okawaru
  7091 | D:8      | Killed Grum
  7343 | D:8      | Reached XP level 10. HP: 52/86 MP: 6/14
  7444 | D:8      | Found a staircase to the Lair.
  7875 | Lair:1   | Entered Level 1 of the Lair of Beasts
  7875 | Lair:1   | Noticed a cane toad
  7885 | Lair:1   | Killed a cane toad
  8024 | Lair:1   | Noticed an elephant
  8040 | Lair:1   | Killed an elephant
  8133 | Lair:1   | Noticed a cane toad
  8145 | Lair:1   | Killed a cane toad
  8145 | Lair:1   | Reached ***** piety under Okawaru
  8281 | Lair:1   | Noticed Amaemon
  8285 | Lair:1   | Noticed an orange demon
  8299 | Lair:1   | Killed Amaemon
  8307 | Lair:1   | Killed an orange demon
  8797 | Lair:1   | Received a gift from Okawaru
  9056 | Lair:1   | Noticed an elephant
  9086 | Lair:1   | Killed an elephant
  9087 | Lair:1   | Reached XP level 11. HP: 42/92 MP: 15/15
  9159 | Lair:1   | Received a gift from Okawaru
  9615 | Lair:2   | Noticed a seven-headed hydra
  9982 | Lair:2   | Identified the +6 dire flail of Dissent {vorpal, rPois
                  | Will++ Str-2 SInv} (Okawaru gifted it to you on level 2 of
                  | the Lair of Beasts)
  9982 | Lair:2   | Received a gift from Okawaru
 10253 | Lair:2   | Killed a seven-headed hydra
 10254 | Lair:2   | Reached skill level 6 in Armour
 10504 | Lair:2   | Found a staircase to the Swamp.
 10556 | Lair:2   | Reached skill level 7 in Armour
 10617 | Lair:2   | Reached skill level 8 in Armour
 10674 | Lair:2   | Found a hole to the Spider Nest.
 11089 | Lair:2   | Reached skill level 9 in Armour
 11357 | Lair:2   | Reached skill level 10 in Armour
 11520 | Lair:2   | Identified the +1 ring mail of the Trilobite {rCorr}
 11736 | Lair:3   | Noticed a six-headed hydra
 11789 | Lair:3   | Noticed Fannar
 11863 | Lair:3   | Identified the +6 scale mail of Poor Excuses {Harm rC+
                  | Will++ Str-3}
 12008 | Lair:3   | Received a gift from Okawaru
 12133 | Lair:2   | Killed Fannar
 12291 | Lair:3   | Reached XP level 12. HP: 65/107 MP: 16/16
 12413 | Lair:3   | Received a gift from Okawaru
 12680 | Lair:3   | Received a gift from Okawaru
 12783 | Lair:3   | Found a white marble altar of Elyvilon.
 12865 | Lair:3   | Killed a six-headed hydra
 14007 | Lair:5   | Entered Level 5 of the Lair of Beasts
 14086 | Lair:5   | Noticed a seven-headed hydra
 14099 | Lair:5   | Killed a seven-headed hydra
 14099 | Lair:5   | Reached ****** piety under Okawaru
 14104 | Lair:5   | Reached skill level 10 in Fighting
 15174 | Lair:4   | Received a gift from Okawaru
 15214 | Lair:5   | Received a gift from Okawaru
 15299 | Lair:5   | Reached skill level 5 in Shields
 15333 | Lair:5   | Noticed a death yak
 15335 | Lair:5   | Noticed a death yak
 15339 | Lair:5   | Noticed a death yak
 15341 | Lair:5   | Reached XP level 13. HP: 116/120 MP: 19/19
 15922 | Lair:5   | Found a runed translucent gate.
 15922 | Lair:5   | Found a runed translucent gate.
 15922 | Lair:5   | Found a runed translucent gate.
 15954 | Lair:5   | Identified the +0 barding of the Everdark {-Cast +Inv rCorr
                  | Dex+9} (Okawaru gifted it to you on level 5 of the Lair of
                  | Beasts)
 15954 | Lair:5   | Received a gift from Okawaru
 16163 | Lair:5   | Noticed paps's ghost (journeyman DESu)
 16243 | Lair:5   | Found a staircase to the Slime Pits.
 16307 | Lair:5   | Noticed Rupert
 16417 | Lair:5   | Identified the +1 leather armour of Decompression {rC-
                  | Int+4}
 17413 | D:9      | Found a staircase to the Orcish Mines.
 17455 | D:9      | Found a blossoming altar of Fedhas.
 17513 | D:9      | Noticed Gastronok
 17521 | D:9      | Killed Gastronok
 17552 | D:9      | Found Ironidgh's Assorted Antiques.
 17557 | D:9      | Bought a viscous white potion for 21 gold pieces
 17810 | D:9      | Reached skill level 10 in Shields
 17933 | D:9      | Found a glowing silver altar of Zin.
 18027 | D:10     | Entered Level 10 of the Dungeon
 18373 | D:10     | Found a snail-covered altar of Cheibriados.
 18599 | Orc:1    | Entered Level 1 of the Orcish Mines
 18786 | Orc:2    | Entered Level 2 of the Orcish Mines
 18789 | Orc:2    | Noticed Urug
 18794 | Arena    | Entered the Arena
 18804 | Arena    | Killed Urug
 18924 | Orc:2    | HP: 2/115 [orc sorcerer/bolt of fire (44)]
 19338 | Orc:2    | Reached skill level 15 in Maces & Flails
 19340 | Orc:2    | Reached XP level 14. HP: 119/129 MP: 20/20
 19361 | Orc:2    | Found a staircase to the Elven Halls.
 19421 | Orc:2    | Found Ykhli's Distillery.
 19425 | Orc:2    | Received a gift from Okawaru
 19434 | Orc:2    | Bought a potion of haste for 140 gold pieces
 19981 | Orc:2    | Noticed Donald
 19992 | Orc:2    | Killed Donald
 20170 | Orc:2    | Found Funlu's Distillery.
 20171 | Orc:2    | Found Satag's Distillery.
 20293 | Orc:2    | Bought a potion of heal wounds for 65 gold pieces
 20295 | Orc:2    | Bought a potion of heal wounds for 75 gold pieces
 20295 | Orc:2    | Bought a potion of heal wounds for 75 gold pieces
 20358 | Orc:2    | Received a gift from Okawaru
 20504 | Orc:2    | Received a gift from Okawaru
 20530 | Orc:2    | Gained mutation: Your magical capacity is low. (-10% MP) [a
                  | neqoxec]
 20589 | Orc:2    | Gained mutation: You are somewhat resistant to further
                  | mutation. [a neqoxec]
 20597 | Orc:2    | Received a gift from Okawaru
 20637 | Orc:2    | Found Jesoomiq's Antique Weapon Boutique.
 20637 | Orc:2    | Found Joseyxu's Jewellery Shop.
 20638 | Orc:2    | Found a one-way gate leading to the halls of Pandemonium.
 20650 | Orc:2    | Bought a ring of poison resistance for 340 gold pieces
 20869 | Swamp:1  | Entered Level 1 of the Swamp
 21010 | D:11     | Reached skill level 1 in Dodging
 21012 | D:11     | Received a gift from Okawaru
 21477 | D:11     | Noticed Josephine
 21486 | D:11     | Killed Josephine
 21586 | D:11     | Identified the +7 rapier "Suipepagg" {pain, Str+5}
 22166 | D:11     | Identified the +4 barding "Qiutzaoh" {+Blink rElec}
                  | (Okawaru gifted it to you on level 11 of the Dungeon)
 22166 | D:11     | Received a gift from Okawaru
 22282 | D:12     | Reached XP level 15. HP: 143/143 MP: 18/18
 22311 | D:12     | Reached skill level 5 in Dodging
 22817 | D:12     | Noticed Sonja
 22824 | D:12     | Killed Sonja
 22825 | D:12     | Reached skill level 5 in Evocations
 23348 | D:13     | Found a gate to the Vaults.
 23371 | Arena    | Entered the Arena
 23592 | D:13     | Found a portal to a secret trove of treasure.
 24334 | D:13     | Received a gift from Okawaru
 24515 | D:13     | Found a blossoming altar of Fedhas.
 24753 | D:14     | Reached skill level 15 in Fighting
 24826 | D:14     | You fall into a shaft and drop 1 floor!
 24826 | D:15     | Entered Level 15 of the Dungeon
 25652 | D:15     | Received a gift from Okawaru
 26216 | D:15     | Found a staircase to the Depths.
 26237 | D:15     | Received a gift from Okawaru
 26275 | D:15     | Reached XP level 16. HP: 122/152 MP: 19/19
 27335 | Swamp:1  | Received a gift from Okawaru
 27457 | Swamp:1  | Noticed a thorn hunter
 27470 | Swamp:1  | Killed a thorn hunter
 27471 | Swamp:1  | Reached skill level 10 in Invocations
 27744 | Swamp:1  | Noticed a tentacled monstrosity
 27750 | Swamp:1  | Killed a tentacled monstrosity
 27750 | Swamp:1  | Identified the +0 barding of the Endless Expanse {rElec
                  | rF+} (Okawaru gifted it to you on level 1 of the Swamp)
 27750 | Swamp:1  | Received a gift from Okawaru
 27891 | Swamp:1  | Identified the +1 broad axe "Fopsa" {vorpal, Int+2 Dex+6}
 27927 | Swamp:2  | Reached skill level 11 in Armour
 28560 | Swamp:2  | Reached skill level 5 in Throwing
 29316 | Swamp:4  | Entered Level 4 of the Swamp
 29435 | Swamp:4  | Found a frozen archway.
 29446 | IceCv    | Entered an ice cave
 29552 | IceCv    | Found a transporter.
 29571 | IceCv    | Found a transporter.
 29589 | IceCv    | Reached skill level 12 in Armour
 29590 | IceCv    | Identified the +7 quarterstaff of Governance {freeze,
                  | Dex+3}
 30466 | Arena    | Entered the Arena
 30510 | Swamp:4  | Reached XP level 17. HP: 127/169 MP: 18/23
 30618 | Swamp:4  | Got a decaying rune of Zot
 30763 | Swamp:4  | Received a gift from Okawaru
 30967 | Spider:1 | Entered Level 1 of the Spider Nest
 31032 | Arena    | Entered the Arena
 31400 | Spider:1 | Identified the +5 scale mail of Watchfulness {+Blink rPois
                  | Will+ Int+2} (Okawaru gifted it to you on level 1 of the
                  | Spider Nest)
 31400 | Spider:1 | Received a gift from Okawaru
 31949 | Spider:1 | Reached skill level 13 in Armour
 32334 | Spider:2 | Found a transporter.
 32515 | Spider:2 | Noticed Adeche Beuh's ghost (journeyman DrCj)
 32538 | Spider:2 | Found a transporter.
 32692 | Spider:2 | Noticed Asterion
 32821 | Spider:2 | Killed Asterion
 32822 | Spider:2 | Reached skill level 14 in Armour
 34622 | Spider:4 | Entered Level 4 of the Spider Nest
 34939 | Spider:3 | Received a gift from Okawaru
 35189 | Spider:4 | Identified the +7 hand axe "Igokloh" {vorpal, Fly rPois
                  | Int-4 Dex-5}
 35760 | Spider:4 | Identified the +0 hat of the Harvest {rPois rC+ Int+4}
                  | (Okawaru gifted it to you on level 4 of the Spider Nest)
 35760 | Spider:4 | Received a gift from Okawaru
 35922 | Arena    | Entered the Arena
 36298 | Spider:4 | Reached XP level 18. HP: 167/182 MP: 17/24
 36417 | Spider:4 | Got a gossamer rune of Zot
 36714 | Vaults:1 | Entered Level 1 of the Vaults
 37661 | Vaults:1 | Found Gozag's Antique Armour Boutique.
 37662 | Vaults:1 | Found an opulent altar of Gozag.
 37663 | Vaults:1 | Found Gozag's Antique Weapon Boutique.
 37681 | Vaults:1 | Received a gift from Okawaru
 37739 | Arena    | Entered the Arena
 37761 | Vaults:1 | Found Gozag's Assorted Antiques.
 37879 | Vaults:1 | Received a gift from Okawaru
 37891 | Arena    | Entered the Arena
 39403 | Vaults:2 | Received a gift from Okawaru
 39530 | Vaults:2 | Noticed Zenata
 39658 | Arena    | Entered the Arena
 39671 | Arena    | Killed Zenata
 39672 | Arena    | Reached XP level 19. HP: 151/193 MP: 12/25
 40216 | Vaults:2 | Received a gift from Okawaru
 41434 | Arena    | Entered the Arena
 41486 | Vaults:2 | Received a gift from Okawaru
 41512 | Vaults:2 | Received a gift from Okawaru
 41696 | Vaults:2 | Identified the ring "Ryimn" {Fire Int+5 Slay+6}
 42325 | Vaults:3 | Reached skill level 10 in Evocations
 42473 | Vaults:3 | Identified the +1 scale mail "Faotuesei" {Contam rElec
                  | Int+8}
 42555 | Vaults:3 | Found a flickering gateway to a bazaar.
 42575 | Bazaar   | Entered a bazaar
 42575 | Bazaar   | Found Yxobrux's Weapon Shoppe.
 42575 | Bazaar   | Found Evuhipre's Assorted Antiques.
 42575 | Bazaar   | Found Plog's Distillery.
 42620 | Bazaar   | Bought a potion of heal wounds for 75 gold pieces
 42620 | Bazaar   | Bought a potion of heal wounds for 75 gold pieces
 42620 | Bazaar   | Bought a potion of curing for 45 gold pieces
 42620 | Bazaar   | Bought a potion of curing for 45 gold pieces
 42620 | Bazaar   | Bought a potion of curing for 45 gold pieces
 42628 | Bazaar   | Bought a potion of mutation for 176 gold pieces
 42628 | Bazaar   | Bought a potion of heal wounds for 110 gold pieces
 42628 | Bazaar   | Bought a scroll of teleportation for 66 gold pieces
 42628 | Bazaar   | Bought 3 potions of might for 264 gold pieces
 42797 | Vaults:3 | Received a gift from Okawaru
 42896 | Vaults:3 | Identified the +3 sling of Geoxol {elec, +Blink MP+9}
 43824 | Vaults:3 | Found a staircase to the Crypt.
 43926 | Vaults:4 | Noticed Margery
 44227 | Vaults:4 | Received a gift from Okawaru
 44291 | Vaults:4 | Found a magical portal.
 44302 | WizLab   | Entered The Hall of the Hellbinder
 44376 | WizLab   | Reached XP level 20. HP: 130/212 MP: 24/27
 44901 | WizLab   | Noticed Datsuafi
 44922 | WizLab   | Found a burning altar of Makhleb.
 44934 | WizLab   | Killed Datsuafi the Hellbinder
 44935 | WizLab   | Reached skill level 15 in Armour
 45006 | WizLab   | Identified the amulet of Jugiplau {RegenMP Dex+6}
 45190 | Arena    | Entered the Arena
 45197 | Arena    | Killed Margery
 45197 | Arena    | Identified the +2 pair of gloves of Magic {rN+ Will+}
                  | (Okawaru gifted it to you in the Arena)
 45197 | Arena    | Received a gift from Okawaru
 45452 | Vaults:4 | Reached skill level 16 in Armour
 45859 | Vaults:4 | Reached skill level 17 in Armour
 45973 | Vaults:4 | Upgraded the game from 0.30-a0-305-g026cb31310 to
                  | 0.30-a0-311-gf115ab0292
 46634 | Vaults:3 | Reached skill level 18 in Armour
 46732 | Vaults:4 | Reached XP level 21. HP: 220/220 MP: 28/28
 46732 | Vaults:4 | Reached XP level 22. HP: 228/228 MP: 29/29
 46808 | Vaults:4 | Identified the +5 rapier of Aloc {elec, Will++}
 47039 | Vaults:4 | Identified a scroll of acquirement
 47740 | Elf:1    | Entered Level 1 of the Elven Halls
 47791 | Elf:1    | Received a gift from Okawaru
 47846 | Elf:1    | Received a gift from Okawaru
 48115 | Vaults:1 | Bought a runed helmet for 750 gold pieces
 48414 | Elf:1    | Noticed Johnny's ghost (journeyman DEEE)
 48419 | Elf:1    | Found a runed translucent door.
 48803 | Lair:5   | Found a staircase to the Slime Pits.
 48852 | Lair:5   | Found a runed translucent gate.
 49122 | Lair:5   | Found a runed translucent gate.
 49124 | Lair:5   | Found a runed translucent gate.
 49194 | Lair:5   | Killed Rupert
 49271 | Lair:5   | Received a gift from Okawaru
 49280 | Lair:5   | Killed paps's ghost
 49789 | Spider:2 | Killed Adeche Beuh's ghost
 50123 | Elf:1    | Killed Johnny's ghost
 50146 | Elf:1    | Found Suluti's Antique Armour Shoppe.
 50350 | Elf:1    | Reached XP level 23. HP: 218/226 MP: 30/30
 50417 | Elf:1    | Identified the +7 whip of Bankruptcy {spect, Str+5}
 50865 | Elf:3    | Entered Level 3 of the Elven Halls
 50865 | Elf:3    | Found Sacew's Book Shop.
 50907 | Elf:2    | Found a radiant altar of Vehumet.
 50907 | Elf:2    | Paralysed by an air elemental for 1 turns
 50960 | Elf:2    | Paralysed by an air elemental for 1 turns
 50964 | Elf:2    | Paralysed by an air elemental for 1 turns
 51173 | Elf:2    | Found a runed translucent door.
 51173 | Elf:2    | Noticed Metiaxo's ghost (adept GnIE)
 51196 | Elf:2    | Killed Metiaxo's ghost
 51531 | Elf:2    | Paralysed by an air elemental for 1 turns
 51587 | Elf:2    | Received a gift from Okawaru
 51607 | Elf:2    | Found a runed translucent gate.
 51608 | Elf:2    | Found a runed translucent gate.
 51608 | Elf:2    | Found a runed translucent gate.
 51878 | Elf:3    | Received a gift from Okawaru
 53139 | Elf:3    | Found a shimmering blue altar of Sif Muna.
 53325 | Elf:3    | Identified the ring "Deots" {Str+5 Dex+6 Slay+2}
 53344 | Elf:3    | Received a gift from Okawaru
 53390 | Elf:3    | Identified the +4 broad axe of Floods {flame, Str+3}
 53505 | Elf:3    | Identified the +8 glaive "Nagidim" {venom, rF- Will+ Int+4
                  | Stlth+}
 53563 | Elf:3    | Identified the +5 rapier of Juenol {speed, Fragile Str+3
                  | Int+4 SInv}
 53659 | Elf:3    | Identified the +5 ring mail of Diful {rPois rC+ rN+ Int+2}
 53672 | Elf:3    | Found the +1 cloak of Starlight {*Dazzle EV+4 Stlth--}
 53720 | Elf:3    | Got Tuulyuna's Octavo of Dark Arts
 53750 | Elf:3    | Identified the quicksilver dragon scales "Qoigg" {*Slow
                  | rElec rPois Will+ Regen+}
 53751 | Elf:3    | Identified the +6 dagger of Distraction {drain, rPois Str-2
                  | Dex+3}
 54234 | Depths:1 | Entered Level 1 of the Depths
 54240 | Depths:1 | Noticed a dread lich
 54298 | D:15     | Killed a dread lich
 54430 | D:15     | Reached skill level 10 in Throwing
 54747 | D:15     | Received a gift from Okawaru
 55128 | Depths:1 | Got the Folio of the Grave
 55428 | Depths:1 | Reached XP level 24. HP: 118/225 MP: 30/30
 55575 | Depths:1 | Found a one-way gateway to a ziggurat.
 55848 | Depths:1 | Found a gateway to Hell.
 56419 | Depths:1 | Received a gift from Okawaru
 56615 | Hell     | Entered the Vestibule of Hell
 56615 | Hell     | Noticed Geryon
 56616 | Arena    | Entered the Arena
 56633 | Arena    | Killed Geryon
 56820 | D:13     | You paid a toll of the horn of Geryon to enter a treasure
                  | trove
 56821 | Trove    | Entered a treasure trove
 56857 | Trove    | Got Sif Muna's Exposition on Interference and Clouds
 56879 | Trove    | Got Sif Muna's Tome of Mercurial Hexes
 56882 | Trove    | Got Sif Muna's Codex of the Kinetic Oath
 58120 | Arena    | Entered the Arena
 58155 | Depths:2 | Paralysed by a floating eye for 4 turns
 58156 | Depths:2 | Found a radiant altar of Vehumet.
 58447 | Depths:2 | Received a gift from Okawaru
 58594 | Depths:2 | Found Ajuzyoru's Magic Scroll Shoppe.
 58624 | Depths:2 | Bought a scroll of blinking for 165 gold pieces
 58750 | Depths:2 | Reached skill level 15 in Shields
 60190 | Depths:3 | Noticed a juggernaut
 60242 | Depths:1 | Killed a juggernaut
 60753 | Depths:2 | Received a gift from Okawaru
 61150 | Depths:2 | Received a gift from Okawaru
 61281 | Depths:3 | Identified the +7 whip "Wuv Oschu" {flame, Stlth+}
 61336 | Depths:3 | Reached XP level 25. HP: 139/263 MP: 30/30
 61565 | Depths:3 | Noticed a juggernaut
 61578 | Depths:3 | Killed a juggernaut
 61611 | Depths:3 | Identified the +0 robe "Yrphoxky" {Dex+2}
 61679 | Depths:3 | Reached skill level 19 in Armour
 61722 | Depths:3 | Identified the +5 dagger of Impermanence {drain, Will+}
 61752 | Depths:3 | Noticed twist's ghost (veteran GnCA)
 61752 | Depths:3 | Noticed a dread lich
 61772 | Depths:3 | Found a runed translucent door.
 61775 | Depths:3 | Found a runed translucent door.
 61785 | Depths:3 | Found a one-way gate to the infinite horrors of the Abyss.
 62258 | Depths:3 | Killed a dread lich
 62283 | Depths:3 | Killed twist's ghost
 62306 | Depths:3 | Reached skill level 20 in Armour
 63531 | Depths:4 | Entered Level 4 of the Depths
 63958 | Depths:4 | Noticed Parghit
 63974 | Arena    | Entered the Arena
 64148 | Depths:4 | Killed Parghit
 64479 | Depths:4 | Reached skill level 21 in Armour
 64587 | Depths:4 | Noticed Jory
 64589 | Depths:4 | Found Xitimix's Weapon Shop.
 64611 | Depths:4 | Killed Jory
 64611 | Depths:4 | Received a gift from Okawaru
 65536 | Depths:4 | Found a gate to the Realm of Zot.
 65709 | Depths:4 | Reached skill level 22 in Armour
 65926 | Depths:4 | Bought the +6 morningstar "Illomegh" {freeze, rF+ rCorr}
                  | for 965 gold pieces
 66290 | Elf:1    | Bought a steaming cloak for 323 gold pieces
 66290 | Elf:1    | Identified the +1 cloak of Gunlarch {rC+ rCorr} (You bought
                  | it in a shop on level 1 of the Elven Halls)
 66587 | Vaults:1 | Bought a scroll of blinking for 750 gold pieces
 66701 | Crypt:1  | Entered Level 1 of the Crypt
 66714 | Vaults:3 | Received a gift from Okawaru
 67098 | Crypt:1  | Received a gift from Okawaru
 67634 | Crypt:1  | Identified the ring "Usisivva" {*Corrode Fly rC+ Str+6
                  | SInv}
 67887 | Crypt:1  | Reached skill level 23 in Armour
 67888 | Crypt:2  | Noticed Boris
 68024 | Crypt:2  | Killed Boris
 68985 | Slime:1  | Entered Level 1 of the Pits of Slime
 69314 | Slime:2  | Gained mutation: You occasionally lose the ability to read
                  | scrolls when taking damage. [a shining eye]
 69322 | Slime:1  | Lost mutation: You are somewhat resistant to further
                  | mutation. [potion of mutation]
 69322 | Slime:1  | Lost mutation: You occasionally lose the ability to read
                  | scrolls when taking damage. [potion of mutation]
 69322 | Slime:1  | Lost mutation: Your magical capacity is low. (-10% MP)
                  | [potion of mutation]
 69322 | Slime:1  | Gained mutation: You have sharp fingernails. [potion of
                  | mutation]
 69322 | Slime:1  | Gained mutation: Your spells are a little easier to cast,
                  | but a little less powerful. [potion of mutation]
 69322 | Slime:1  | Gained mutation: You have hidden genetic defects. [potion
                  | of mutation]
 69322 | Slime:1  | Gained mutation: You are occasionally teleported next to
                  | monsters. [potion of mutation]
 69322 | Slime:1  | Gained mutation: Your tail ends in a venomous barb. [potion
                  | of mutation]
 69323 | Slime:1  | Lost mutation: Your tail ends in a venomous barb. [potion
                  | of mutation]
 69323 | Slime:1  | Lost mutation: You have sharp fingernails. [potion of
                  | mutation]
 69323 | Slime:1  | Lost mutation: Your spells are a little easier to cast, but
                  | a little less powerful. [potion of mutation]
 69323 | Slime:1  | Lost mutation: You are occasionally teleported next to
                  | monsters. [potion of mutation]
 69323 | Slime:1  | Gained mutation: You are weak. (Str -2) [potion of
                  | mutation]
 69323 | Slime:1  | Gained mutation: You have an increased reservoir of magic.
                  | (+10% MP) [potion of mutation]
 69323 | Slime:1  | Gained mutation: You are clumsy. (Dex -2) [potion of
                  | mutation]
 69323 | Slime:1  | Gained mutation: Your spells are a little harder to cast,
                  | but a little more powerful. [potion of mutation]
 69323 | Slime:1  | Gained mutation: Your flesh is heat resistant. (rF+)
                  | [potion of mutation]
 69323 | Slime:1  | Lost mutation: You are clumsy. (Dex -2) [potion of
                  | mutation]
 69394 | Slime:5  | Entered Level 5 of the Pits of Slime
 69446 | Slime:5  | Identified the +3 plate armour of Ameamm {rElec rCorr Int-2
                  | Slay+6} (Okawaru gifted it to you on level 5 of the Pits of
                  | Slime)
 69446 | Slime:5  | Received a gift from Okawaru
 69578 | Slime:5  | Reached skill level 24 in Armour
 69580 | Slime:5  | Paralysed by a floating eye for 4 turns
 69651 | Slime:5  | Reached XP level 26. HP: 276/276 MP: 36/36
 69735 | Slime:5  | Noticed the Royal Jelly
 69750 | Slime:5  | Killed the Royal Jelly
 69818 | Slime:5  | Found the +7 Spriggan's Knife {stab, EV+4 Stlth+}
 69818 | Slime:5  | Found the +5 scythe "Finisher" {speed, eviscerate}
 69832 | Slime:5  | Gained mutation: You sometimes lose your temper in combat.
                  | [hidden defects]
 69835 | Slime:5  | Identified the +3 plate armour of Hubris {rC+ Dex+3}
 69843 | Slime:5  | Found the +2 hat of the Bear Spirit {Spirit, *Rage Will++}
 69853 | Slime:5  | Got the Essays on Feathers and Orientation
 69906 | Slime:5  | Got a slimy rune of Zot
 69984 | Lair:5   | Lost mutation: Your flesh is heat resistant. (rF+) [potion
                  | of mutation]
 69984 | Lair:5   | Lost mutation: You have an increased reservoir of magic.
                  | (+10% MP) [potion of mutation]
 69984 | Lair:5   | Lost mutation: Your spells are a little harder to cast, but
                  | a little more powerful. [potion of mutation]
 69984 | Lair:5   | Lost mutation: You sometimes lose your temper in combat.
                  | [potion of mutation]
 69984 | Lair:5   | Gained mutation: You expend magic power (3 MP) to
                  | strengthen your wands. [potion of mutation]
 69984 | Lair:5   | Gained mutation: You have a pair of small horns on your
                  | head. [potion of mutation]
 69984 | Lair:5   | Gained mutation: You are agile. (Dex +4, Str/Int -1)
                  | [potion of mutation]
 69984 | Lair:5   | Lost mutation: You have hidden genetic defects. [potion of
                  | mutation]
 70144 | D:9      | Acquired a +0 tower shield of protection
 70260 | Orc:2    | Bought 2 potions of might for 112 gold pieces
 70260 | Orc:2    | Bought a potion of might for 56 gold pieces
 70260 | Orc:2    | Bought a potion of might for 56 gold pieces
 70260 | Orc:2    | Bought a potion of mutation for 112 gold pieces
 70305 | Orc:2    | Bought a potion of haste for 130 gold pieces
 70305 | Orc:2    | Bought a potion of haste for 130 gold pieces
 70305 | Orc:2    | Bought a potion of mutation for 104 gold pieces
 70307 | Orc:2    | Bought a potion of haste for 150 gold pieces
 70619 | Depths:2 | Bought a scroll of fear for 88 gold pieces
 70619 | Depths:2 | Bought 3 scrolls of immolation for 264 gold pieces
 70858 | Vaults:1 | Bought a potion of ambrosia for 800 gold pieces
 70858 | Vaults:1 | Bought a potion of might for 400 gold pieces
 71119 | Zot:1    | Entered Level 1 of the Realm of Zot
 72012 | Zot:1    | Noticed an orb of fire
 72021 | Zot:1    | Gained mutation: Your body sometimes deteriorates upon
                  | taking damage. [an orb of fire]
 72033 | Zot:1    | Gained mutation: You are dopey. (Int -2) [an orb of fire]
 72039 | Zot:1    | Killed an orb of fire
 72040 | Zot:1    | Reached skill level 25 in Armour
 72727 | Zot:5    | Entered Level 5 of the Realm of Zot
 72937 | Zot:5    | Reached skill level 26 in Armour
 73009 | Zot:5    | Received a gift from Okawaru
 73486 | Zot:5    | Noticed an ancient lich
 73514 | Zot:5    | Killed an ancient lich
 73514 | Zot:5    | Received a gift from Okawaru
 73644 | Zot:3    | Reached skill level 27 in Armour
 73861 | Arena    | Entered the Arena
 74640 | Zot:4    | Reached skill level 15 in Invocations
 74745 | Zot:5    | Noticed an orb of fire
 74745 | Zot:5    | Gained mutation: Your body often deteriorates upon taking
                  | damage. [an orb of fire]
 74758 | Zot:5    | Killed an orb of fire
 74819 | Zot:5    | Noticed an orb of fire
 74838 | Zot:5    | Gained mutation: You occasionally lose the ability to drink
                  | potions when taking damage. [an orb of fire]
 74841 | Zot:5    | Gained mutation: Your spells are a little easier to cast,
                  | but a little less powerful. [an orb of fire]
 74844 | Zot:5    | Gained mutation: Your spells are easier to cast, but less
                  | powerful. [an orb of fire]
 74848 | Zot:5    | Killed an orb of fire
 74865 | Zot:5    | Reached XP level 27. HP: 102/284 MP: 34/35
 74895 | Zot:5    | Noticed an orb of fire
 74896 | Zot:5    | Lost mutation: You are agile. (Dex +4, Str/Int -1) [an orb
                  | of fire]
 74924 | Zot:5    | Noticed an ancient lich
 74925 | Zot:5    | Killed an orb of fire
 74935 | Zot:5    | Killed an ancient lich
 74942 | Zot:5    | Noticed an orb of fire
 74944 | Zot:5    | Noticed an ancient lich
 74949 | Zot:5    | Gained mutation: You are frail. (-10% HP) [an orb of fire]
 74953 | Zot:5    | Gained mutation: You occasionally lose the ability to read
                  | scrolls when taking damage. [an orb of fire]
 74960 | Zot:5    | Killed an orb of fire
 74960 | Zot:5    | Received a gift from Okawaru
 74968 | Zot:5    | Killed an ancient lich
 75234 | Zot:5    | Got the Orb of Zot
 75355 | Depths:4 | Noticed Qantioz the pandemonium lord
 76014 | Arena    | Entered the Arena
 76127 | D:1      | Lost mutation: You are frail. (-10% HP) [potion of
                  | mutation]
 76127 | D:1      | Lost mutation: You occasionally lose the ability to read
                  | scrolls when taking damage. [potion of mutation]
 76127 | D:1      | Lost mutation: You are weak. (Str -2) [potion of mutation]
 76127 | D:1      | Lost mutation: You are dopey. (Int -2) [potion of mutation]
 76127 | D:1      | Lost mutation: You occasionally lose the ability to drink
                  | potions when taking damage. [potion of mutation]
 76127 | D:1      | Lost mutation: You have a pair of small horns on your head.
                  | [potion of mutation]
 76127 | D:1      | Gained mutation: You occasionally lose the ability to read
                  | scrolls when taking damage. [potion of mutation]
 76127 | D:1      | Lost mutation: You occasionally lose the ability to read
                  | scrolls when taking damage. [potion of mutation]
 76127 | D:1      | Lost mutation: Your spells are easier to cast, but less
                  | powerful. [potion of mutation]
 76127 | D:1      | Gained mutation: You are clumsy. (Dex -2) [potion of
                  | mutation]
 76127 | D:1      | Gained mutation: You possess an exceptional clarity of
                  | mind. [potion of mutation]
 76128 | D:1      | Lost mutation: You possess an exceptional clarity of mind.
                  | [potion of mutation]
 76128 | D:1      | Lost mutation: Your spells are a little easier to cast, but
                  | a little less powerful. [potion of mutation]
 76128 | D:1      | Lost mutation: You expend magic power (3 MP) to strengthen
                  | your wands. [potion of mutation]
 76128 | D:1      | Lost mutation: You are clumsy. (Dex -2) [potion of
                  | mutation]
 76128 | D:1      | Gained mutation: You have a pair of small horns on your
                  | head. [potion of mutation]
 76128 | D:1      | Gained mutation: Your muscles are strong. (Str +4, Int/Dex
                  | -1) [potion of mutation]
 76128 | D:1      | Gained mutation: You sometimes lose your temper in combat.
                  | [potion of mutation]
 76128 | D:1      | Gained mutation: You have a pair of horns on your head.
                  | [potion of mutation]
 76128 | D:1      | Gained mutation: You have large cloven feet. [potion of
                  | mutation]
 76129 | D:1      | Lost mutation: Your body often deteriorates upon taking
                  | damage. [potion of mutation]
 76129 | D:1      | Lost mutation: Your muscles are strong. (Str +4, Int/Dex
                  | -1) [potion of mutation]
 76129 | D:1      | Lost mutation: You sometimes lose your temper in combat.
                  | [potion of mutation]
 76129 | D:1      | Lost mutation: Your body sometimes deteriorates upon taking
                  | damage. [potion of mutation]
 76129 | D:1      | Lost mutation: You have large cloven feet. [potion of
                  | mutation]
 76129 | D:1      | Lost mutation: You have a pair of horns on your head.
                  | [potion of mutation]
 76129 | D:1      | Gained mutation: Potions are less effective at restoring
                  | your health. [potion of mutation]
 76129 | D:1      | Gained mutation: You occasionally lose the ability to drink
                  | potions when taking damage. [potion of mutation]
 76129 | D:1      | Gained mutation: You passively dampen the noise of your
                  | surroundings. [potion of mutation]
 76129 | D:1      | Lost mutation: Potions are less effective at restoring your
                  | health. [potion of mutation]
 76129 | D:1      | Gained mutation: Your tail ends in a venomous barb. [potion
                  | of mutation]
 76129 | D:1      | Gained mutation: Your system is resistant to poisons.
                  | (rPois) [potion of mutation]
 76130 | D:1      | Lost mutation: You have a pair of small horns on your head.
                  | [potion of mutation]
 76130 | D:1      | Lost mutation: Your system is resistant to poisons. (rPois)
                  | [potion of mutation]
 76130 | D:1      | Lost mutation: You occasionally lose the ability to drink
                  | potions when taking damage. [potion of mutation]
 76130 | D:1      | Lost mutation: You passively dampen the noise of your
                  | surroundings. [potion of mutation]
 76130 | D:1      | Lost mutation: Your tail ends in a venomous barb. [potion
                  | of mutation]
 76130 | D:1      | Gained mutation: You are clumsy. (Dex -2) [potion of
                  | mutation]
 76130 | D:1      | Gained mutation: Your natural rate of healing is unusually
                  | fast. [potion of mutation]
 76130 | D:1      | Gained mutation: You occasionally lose the ability to drink
                  | potions when taking damage. [potion of mutation]
 76130 | D:1      | Gained mutation: You are dopey. (Int -2) [potion of
                  | mutation]
 76130 | D:1      | Gained mutation: You have sharp toenails. [potion of
                  | mutation]
 76131 | D:1      | Lost mutation: You have sharp toenails. [potion of
                  | mutation]
 76131 | D:1      | Lost mutation: You are dopey. (Int -2) [potion of mutation]
 76131 | D:1      | Lost mutation: You are clumsy. (Dex -2) [potion of
                  | mutation]
 76131 | D:1      | Lost mutation: You occasionally lose the ability to drink
                  | potions when taking damage. [potion of mutation]
 76131 | D:1      | Lost mutation: Your natural rate of healing is unusually
                  | fast. [potion of mutation]
 76131 | D:1      | Gained mutation: You are robust. (+10% HP) [potion of
                  | mutation]
 76131 | D:1      | Gained mutation: You are partially covered in iridescent
                  | scales. (AC +2) [potion of mutation]
 76131 | D:1      | Gained mutation: You are very robust. (+20% HP) [potion of
                  | mutation]
 76209 | D:$      | Escaped with the Orb!

Illustrated notes

Levels and vault maps discovered:
D:1:      tarquinn_simple_flora_water_d, layout_basic, serial_bayou_pond_e
D:2:      layout_loops_corners, basic_ecumenical_altar, minmay_misc_feat_iff,
          minivault_4, dreamdust_princess_corridor
D:3:      layout_basic, chequers_serial_rivers_micro_b, serial_bayou_crossing,
          uniq_natasha
D:4:      layout_cave_pools, okawaru_trees_1, mainiacjoe_overflow_brackets
D:5:      layout_basic, eino_tiny_chamber, amcnicky_mini_pool_small,
          reono_crystal_passage, eino_tiny_chamber, uniq_grinder
D:6:      layout_loops_ring, nicolae_tso_carved_into_rock,
          minmay_temple_entry_grid, serial_shops, nicolae_take_the_stairs,
          uniq_eustachio, uniq_sigmund
D:7:      layout_cave_pools, mainiacjoe_overflow_big_doors,
          mainiacjoe_overflow_six_doors_small, minmay_nine_imps
D:8:      layout_basic, lemuel_tele_altar, nicolae_overflow_squiral,
          erik_lair_orcish_takeover, hex_medium, uniq_grum
D:9:      layout_roguey, lemuel_round_altar, kennysheep_mini_moat,
          hiddenorc2_lemuel, serial_undead, serial_undead_d, serial_undead_e,
          serial_undead_f, serial_undead_a, serial_undead_b, serial_undead_e,
          serial_undead_e, serial_undead_d, serial_undead_b, serial_undead_e,
          serial_shops, shop_statue, fountainhead, uniq_gastronok
D:10:     layout_rooms, slow_altar_2
D:11:     layout_cave_pods, uniq_josephine
D:12:     layout_irregular_city, elves_outpost_lemuel, uniq_sonja
D:13:     nzn_winding_woodlands_medium [nzn_winding_woodlands_5x5_checkerboard,
          nzn_winding_woodlands_5x15_pathside_ponds,
          nzn_winding_woodlands_5x5_closed_star,
          nzn_winding_woodlands_5x5_perimeter,
          nzn_winding_woodlands_center_triple_pond,
          nzn_winding_woodlands_5x5_open_star, nzn_winding_woodlands_5x5_three,
          nzn_winding_woodlands_5x15_zeroes, nzn_winding_woodlands_5x5_cross],
          layout_long_grid, lightli_vaults_fourway_checkpoint, enter_trove_5,
          minmay_ruined_shrine
D:14:     layout_cave_pools, nicolae_hexahallways,
          chequers_serial_rivers_micro_a
D:15:     gammafunk_depths_entry_grave, layout_stronghold, serial_column_ruins,
          column_ruins_hut_pillars, column_ruins_grid_1,
          column_ruins_columns_straight, column_ruins_open_medium,
          column_ruins_open_tiny, serial_park_tiny_2
Temple:   nicolae_temple_two_arcs
Lair:1:   layout_cellular_growth, serial_bayou_pond_a, uniq_amaemon
Lair:2:   kb_forest_paths, layout_regular_city, swamp_mist, dummy_spider_entry
Lair:3:   layout_long_grid, basic_altar, infiniplex_staircase_pool_2,
          uniq_fannar
Lair:4:   layout_regular_city, grunt_megastairs_4
Lair:5:   gammafunk_lair_ancient_temple, layout_concentric_octagons,
          slime_entry_1, gammafunk_ghost_necromancy,
          chequers_serial_rivers_large_a, uniq_rupert
Swamp:1:  layout_basic_swamp, nicolae_swamp_little_swirl
Swamp:2:  layout_basic_swamp, evilmike_swamp_ruin_house_2
Swamp:3:  layout_basic_swamp, nicolae_swamp_trees_clearing
Swamp:4:  swamp_icy, layout_basic_swamp, portal_ice_cave_entry_dragon,
          swamp_pool4
Spider:1: layout_spider_delve, special_room [special_room_bee]
Spider:2: layout_spider_delve, gammafunk_ghost_arena, uniq_asterion
Spider:3: layout_spider_delve
Spider:4: spider_rune_water
Slime:1:  layout_caves
Slime:2:  layout_caves
Slime:3:  layout_caves, cheibrodos_slime_lost_civilization_7
Slime:4:  layout_caves, nicolae_slime_barrier
Slime:5
Orc:1:    layout_diamond_mine
Orc:2:    pf_orc_diabolical, layout_caves, basic_altar, serial_shops,
          nicolae_lakefront_shop, hellmonk_guarded_unrand_dark_maul,
          uniq_donald, uniq_urug
Elf:1:    minmay_elf_arrival_plus, layout_geoelf_octagon, serial_shops, shop,
          hellmonk_ghost_happy_afterlife, hangedman_elven_crosses_minicolossus
Elf:2:    nicolae_elf_blades_crystal_corner, layout_geoelf_grid,
          gammafunk_ghost_grave, basic_altar, lemuel_elevator
Elf:3:    grunt_elf_hall_asides, layout_geoelf_diagonals, serial_shops, shop,
          basic_altar
Vaults:1: vaults_room_octagon, vaults_mumra_lcd, v_misc_22, v_misc_5,
          ontoclasm_vaults_claustrophobia, nicolae_vaults_little_squares_4,
          vaults_room_large_hall, nicolae_vaults_network_barrier,
          kennysheep_vaults_gozag_temple, v_rooms_3, vaults_mumra_hex,
          v_misc_22, v_misc_18, v_misc_18, vaults_room_pool, v_alt_pattern_4,
          layout_vaults_maze
Vaults:2: v_alt_pattern_4, st_greater_box_5, hangedman_vaults_restitches,
          v_misc_18, v_misc_27, vaults_dpeg_hooks,
          nicolae_vaults_little_squares_5, v_misc_19,
          hangedman_vaults_stretched_pinwheel, hangedman_vaults_impose,
          hangedman_vaults_slice, serial_ice_b, nicolae_vaults_what_the_h,
          nicolae_vaults_shelves_hall, nicolae_vaults_gold_heap,
          layout_vaults_omnibox, uniq_zenata
Vaults:3: minmay_crypt_entry_skeletal_spiral, st_smaller_cells,
          vaults_room_fours, vaults_dpeg_emergency_exit,
          nicolae_vaults_alarming, nicolae_vaults_theta, vaults_room_pools,
          v_misc_15, vaults_room_grid, layout_vaults_quadrants, serial_shops,
          bzr_firewalk
Vaults:4: mu_enter_wizlab_6, ontoclasm_vaults_bender,
          nicolae_vaults_angled_halls, v_misc_31, vaults_standard_mumra_lines,
          vaults_mumra_minichess, ontoclasm_vaults_idyll, st_eye, v_misc_25,
          v_alt_pattern_2, vaults_mumra_chevron, grunt_vaults_hallway_long,
          vaults_dpeg_encased_lava, nicolae_vaults_specimen_jars,
          layout_vaults_big_room, uniq_margery
Crypt:1:  layout_misc_corridors, due_unseen_surprise
Crypt:2:  layout_basic, lemuel_dead_fish_pool, uniq_sojobo, uniq_boris
Depths:1: layout_roguey, enter_ziggurat_b, grunt_pan_entry_sceptre, hell_entry,
          serial_sigils, serial_sigils_hangedman_shear,
          serial_sigils_hangedman_scratch, serial_sigils_hangedman_quiver,
          serial_sigils_hangedman_scar, serial_sigils_hangedman_snap,
          serial_sigils_hangedman_gut, special_room [special_room_morgue],
          nrook_uturn, hangedman_decor_diamond_cutter,
          chequers_serial_rivers_micro_a, kennysheep_generic_room_8,
          firewood_loft
Depths:2: minmay_distorted_concentric_squares, layout_cave_shapes,
          pf_hell_entry_tar_spiral, fiery_altar_vehumet, pan_entry,
          minmay_staircase_statues, minmay_shop_star
Depths:3: minmay_the_grid_square_5x5_5x5_mashed
          [minmay_the_grid_square_5x5_fat_x,
          minmay_the_grid_square_5x5_two_small,
          minmay_the_grid_square_5x5_minimal,
          minmay_the_grid_square_5x5_checkered,
          minmay_the_grid_square_5x5_broken_cross,
          minmay_the_grid_square_5x5_inverted_slash,
          minmay_the_grid_square_5x5_prize_deathbox,
          minmay_the_grid_square_5x5_z,
          minmay_the_grid_square_5x5_prize_monsterx,
          minmay_the_grid_square_5x5_hollow_slash,
          minmay_the_grid_square_5x5_trominoes, minmay_the_grid_square_5x5_mess,
          minmay_the_grid_square_5x5_prize_rear_guard,
          minmay_the_grid_square_5x5_shrine2, minmay_the_grid_square_5x5_plus,
          minmay_the_grid_square_5x5_n_small,
          minmay_the_grid_square_5x5_prize_gold,
          minmay_the_grid_square_5x5_shuriken,
          minmay_the_grid_square_5x5_prize_pseudospiral,
          minmay_the_grid_square_5x5_two_walls_a,
          minmay_the_grid_square_5x5_bridge, minmay_the_grid_square_5x5_six,
          minmay_the_grid_square_5x5_corner,
          minmay_the_grid_square_5x5_three_walls,
          minmay_the_grid_square_5x5_inner_z], layout_cave_pools,
          abyss_entry_crystal, pan_entry, muffindrake_ghost_dual_entry,
          grunt_metal_band, hangedman_glass_teeth, kennysheep_windowed_goal
Depths:4: evilmike_zot_entry_argh, layout_gridville, serial_shops,
          nicolae_square_shop, hell_entry, abyss_entry, uniq_parghit, uniq_jory
Hell
Zot:1:    layout_misc_corridors, hangedman_elemental_grid_stream
Zot:2:    layout_cathedral_of_symmetry
Zot:3:    layout_concentric_octagons, chequers_guarded_unrand_mask_of_the_dragon
Zot:4:    layout_misc_corridors
Zot:5:    layout_misc_corridors, nicolae_lava_and_water

Skill      XL: |  1  2  3  4  5  6  7  8  9 10 11 12 13 14 15 16 17 18 19 20 21 22 23 24 25 26 27 |
---------------+----------------------------------------------------------------------------------+-----
Maces & Flails | 2 3 4 5 6 7 8 10 13 14 15 16 | 16.0
Fighting       | 4 5 7 10 12 15 16 17 20 21 22 25 | 25.0
Invocations    | 3 5 6 8 12 13 14 16 18 | 18.3
Armour         | 5 10 12 14 18 24 27 | 27.0
Evocations     | 1 3 5 6 8 10 | 10.0
Throwing       | 2 4 5 6 8 10 12 | 12.0
Shields        | 5 10 18 20 | 20.0
Dodging        | 4 5 6 8 |  8.0

Action                   |  1- 3 |  4- 6 |  7- 9 | 10-12 | 13-15 | 16-18 | 19-21 | 22-24 | 25-27 || total
-------------------------+-------+-------+-------+-------+-------+-------+-------+-------+-------++-------
Melee: Flail             |    72 |       |   273 |   774 |   324 |       |       |       |       ||  1443
       Tailslap          |    13 |    19 |    28 |   112 |   240 |   370 |   238 |   463 |   528 ||  2011
       Whip              |    48 |   158 |    30 |       |       |       |       |       |       ||   236
       Morningstar       |       |       |       |       |   170 |    32 |       |       |    56 ||   258
       Eveningstar       |       |       |       |       |   892 |  1753 |  1080 |  1903 |  1945 ||  7573
       Punch             |       |       |       |       |     3 |       |       |       |       ||     3
       Headbutt          |       |       |       |       |       |       |       |       |   325 ||   325
       Sacred scourge    |       |       |       |       |       |       |       |       |    13 ||    13
Throw: Boomerang         |       |       |     1 |    27 |    34 |   123 |    13 |    90 |   273 ||   561
       Dart              |       |       |       |     5 |    16 |       |     2 |     3 |     3 ||    29
       Throwing net      |       |       |       |       |     1 |       |       |       |     1 ||     2
       Javelin           |       |       |       |       |       |       |     9 |    20 |     7 ||    36
Invok: Heroism           |       |       |     3 |     4 |     8 |    14 |     9 |    11 |    13 ||    62
       Finesse           |       |       |     1 |     3 |     8 |     9 |     5 |     7 |    11 ||    44
       Duel              |       |       |       |       |     2 |     6 |     2 |     2 |     3 ||    15
 Abil: Evoke Blink       |       |       |       |       |       |       |     3 |     4 |       ||     7
Evoke: Wand              |       |       |     2 |     4 |     6 |    29 |       |     1 |    12 ||    54
       Phial of floods   |       |       |       |       |     1 |     2 |       |       |       ||     3
       Condenser vane    |       |       |       |       |     2 |     5 |     5 |     3 |     4 ||    19
  Use: Potion            |     2 |       |     2 |     2 |     6 |     7 |    15 |     5 |    33 ||    72
       Scroll            |       |    11 |     6 |     6 |     7 |     7 |     4 |     5 |    26 ||    72
 Stab: Held in net/web   |       |       |       |       |     2 |       |       |       |     2 ||     4
       Confused          |       |       |       |       |     1 |       |       |       |     1 ||     2
       Petrified         |       |       |       |       |       |     1 |       |       |       ||     1
       Distracted        |       |       |       |       |       |       |       |     1 |       ||     1
Armor: Scale mail        |    65 |    46 |   116 |   268 |   605 |  1750 |   598 |  1202 |    94 ||  4744
       Chain mail        |       |       |       |    48 |       |       |       |       |       ||    48
       Skin              |       |       |       |       |       |     1 |     5 |     4 |       ||    10
       Gold dragon scale |       |       |       |       |       |       |       |       |  1317 ||  1317
Dodge: Dodged            |    41 |    38 |   107 |   183 |   226 |   586 |   260 |   497 |   262 ||  2200
Block: Buckler           |    15 |    27 |    77 |   141 |    12 |       |       |       |       ||   272
       Kite shield       |       |       |       |       |   665 |  1208 |   492 |   942 |   514 ||  3821
       Reflection        |       |       |       |       |    24 |    16 |    27 |    42 |     8 ||   117
       Tower shield      |       |       |       |       |       |       |       |       |   970 ||   970

Table legend: (Time is in decaauts)
 A = Elapsed time spent in this place.
 B = Non-inter-level travel time spent in this place.
 C = Inter-level travel time spent in this place.
 D = Time resting spent in this place.
 E = Time spent auto-exploring this place.
 F = Levels seen in this place.
 G = Mean time per level.
                   A        B        C        D        E       F      G
               +--------+--------+--------+--------+--------+-----+--------+
         Total |  74475 |  61191 |  13284 |  12496 |  29109 |  74 | 1006.4 |
       Dungeon |  20339 |  15379 |   4960 |   1575 |  10118 |  15 | 1355.9 |
        Temple |    122 |    113 |      9 |      0 |    105 |   1 |  122.0 |
          Lair |  10979 |   8628 |   2351 |   2168 |   4478 |   5 | 2195.8 |
         Swamp |   3596 |   3050 |    546 |    589 |   1545 |   4 |  899.0 |
   Spider Nest |   5208 |   4801 |    407 |   1283 |   1901 |   4 | 1302.0 |
    Slime Pits |    868 |    794 |     74 |    100 |      0 |   5 |  173.6 |
  Orcish Mines |   3036 |   1947 |   1089 |    299 |   1003 |   2 | 1518.0 |
   Elven Halls |   4308 |   3690 |    618 |    461 |   1797 |   3 | 1436.0 |
        Vaults |  10252 |   8742 |   1510 |   1834 |   4185 |   4 | 2563.0 |
         Crypt |   1159 |   1049 |    110 |    200 |    450 |   2 |  579.5 |
        Depths |  10187 |   8752 |   1435 |   2624 |   3111 |   4 | 2546.8 |
          Hell |      2 |      2 |      0 |      0 |      0 |   1 |    2.0 |
           Zot |   2996 |   2827 |    169 |    993 |    309 |   5 |  599.2 |
        Bazaar |     68 |     68 |      0 |      0 |     43 |   1 |   68.0 |
         Trove |     82 |     82 |      0 |      0 |      0 |   1 |   82.0 |
      Ice Cave |    185 |    185 |      0 |     76 |      0 |   1 |  185.0 |
        Wizlab |    829 |    829 |      0 |    262 |     62 |   1 |  829.0 |
         Arena |    250 |    250 |      0 |     28 |      0 |  15 |   16.7 |
               +--------+--------+--------+--------+--------+-----+--------+

Top non-repeatable levels by time:
Vaults:2: 3026 daAuts
Depths:1: 2926 daAuts
  Lair:2: 2854 daAuts
Vaults:1: 2755 daAuts
Depths:4: 2745 daAuts
Depths:2: 2694 daAuts
Vaults:3: 2555 daAuts
  Lair:5: 2540 daAuts
  Lair:1: 2454 daAuts
    D:15: 2354 daAuts
    D:13: 2267 daAuts
   Orc:2: 2215 daAuts
    D:11: 1918 daAuts
Vaults:4: 1914 daAuts
  Lair:4: 1911 daAuts
